 Dungeon Crawl Stone Soup version 0.19.4-9-g45fd643 (webtiles) character file.

69 Da5id the Sneak (level 4, -2/30 HPs)
             Began as a Demonspawn Enchanter on Feb 16, 2017.
             Slain by a goblin
             ... wielding a +0 dagger
             ... led by Robin
              (4 damage)
             ... on level 1 of the Dungeon.
             The game lasted 00:04:55 (3026 turns).

Da5id the Sneak (Demonspawn Enchanter)              Turns: 3026, Time: 00:04:56

Health: -2/30      AC:  3    Str:  9    XL:     4   Next: 2%
Magic:  0/7        EV: 12    Int: 16    God:
Gold:   46         SH:  0    Dex: 14    Spells: 2 memorised, 4 levels left

rFire  . . .     SeeInvis .     a - +1 dagger
rCold  . . .     Gourm    .     b - +1 robe
rNeg   . . .     Faith    .     (no shield)
rPois  .         Spirit   +     (helmet restricted)
rElec  .         Reflect  .     (no cloak)
rCorr  .         Harm     .     (no gloves)
MR     .....                    (no boots)
Stlth  +++.......               (no amulet)
                                (no ring)
                                (no ring)

@: no status effects
A: antennae 1, magic shield
a: no special abilities


You were on level 1 of the Dungeon.
You were not hungry.

You visited 1 branch of the dungeon, and saw 2 of its levels.

You collected 46 gold pieces.

Inventory:

Hand Weapons
 a - a +1 dagger (weapon)
Armour
 b - a +1 robe (worn)
Scrolls
 e - 2 scrolls of identify {unknown}
 h - a scroll of fear {unknown}
 i - a scroll of teleportation {unknown}
 l - a scroll of remove curse {unknown}
 n - a scroll of recharging {unknown}
 o - a scroll of noise {unknown}
Potions
 f - a potion of cure mutation {unknown}
 g - a potion of resistance {unknown}
 j - a potion of heal wounds {unknown}
 k - a potion of magic {unknown}
 p - a potion of flight {unknown}
Books
 c - a book of Maledictions

   Spells                             Type                      Level
   a - Corona                         Hexes                        1
   b - Ensorcelled Hibernation        Hexes/Ice                    2
   c - Confuse                        Hexes                        3
   d - Tukima's Dance                 Hexes                        3
   e - Dazzling Spray                 Conjuration/Hexes            3
Comestibles
 d - a bread ration
 m - a meat ration


   Skills:
 - Level 2.0 Short Blades
 - Level 1.7 Dodging
 - Level 4.0 Stealth
 - Level 2.0 Spellcasting
 - Level 3.0 Hexes
 + Level 0.8 Ice Magic


You had 4 spell levels left.
You knew the following spells:

 Your Spells              Type           Power        Failure   Level  Hunger
a - Corona                Hex            ##.....      8%          1    #......
b - Ensorcelled Hibernat  Hex/Ice        #.....       17%         2    ###....


Dungeon Overview and Level Annotations

Branches:
Dungeon (2/15)

Altars:

Annotations:
D:2 Natasha, Robin


Innate Abilities, Weirdness & Mutations

You have a pair of small antennae on your head.
When hurt, damage is shared between your health and your magic reserves.


Message History

The goblin is moderately wounded.
You barely miss the goblin.
The goblin is moderately wounded.
The goblin hits you with a hand axe.
* * * LOW HITPOINT WARNING * * *
You hit the goblin.
You kill the goblin!
The goblin unwields an uncursed dagger.
The goblin wields an uncursed hunting sling.
The goblin shoots a sling bullet.
The sling bullet hits you.
* * * LOW HITPOINT WARNING * * *
You barely miss the goblin.
The goblin unwields an uncursed hunting sling.
The goblin wields an uncursed dagger.
The goblin hits you with an uncursed dagger.
* * * LOW HITPOINT WARNING * * *
You hit the goblin.
The goblin is severely wounded.
The goblin hits you with an uncursed dagger.
You die...

#......# #.# ##......# ### #.#
#...)...# #.####.# #.......#
#......# #.......# #.######
#.......# #.# #.......# #)#
##.......###.#################
.'..............g@)..#.......#
##.......###.#######.#.###.###
##.......# #.# #.#.#.#.#
.'.......# #.# #.#...#.#
##......## #.# #.###.#(###
######## #.# #.........# #.#
#########.##### ############.#
#.............#
#..........#.###.#######.#.###


You could see a goblin.

Vanquished Creatures
  An adder (D:1)
  2 dart slugs (D:1)
  2 ball pythons (D:1)
  6 bats
  5 giant cockroaches (D:1)
  10 goblins
  10 hobgoblins (D:1)
  2 frilled lizards (D:1)
  4 kobolds
  7 rats
49 creatures vanquished.

Notes
Turn   | Place    | Note
-------+----------+-------------------------------------------
     0 | D:1      | Da5id the Demonspawn Enchanter began the quest for the Orb.
     0 | D:1      | Reached XP level 1. HP: 13/13 MP: 3/3
   320 | D:1      | Reached skill level 3 in Stealth
   362 | D:1      | Gained mutation: You have a pair of small antennae on your head. [demonic ancestry]
   362 | D:1      | Reached XP level 2. HP: 12/19 MP: 5/5
  1313 | D:1      | Learned a level 2 spell: Ensorcelled Hibernation
  1507 | D:1      | Reached skill level 4 in Stealth
  1660 | D:1      | Gained mutation: When hurt, damage is shared between your health and your magic reserves. [demonic ancestry]
  1660 | D:1      | Reached XP level 3. HP: 21/24 MP: 6/6
  1662 | D:1      | Reached skill level 1 in Short Blades
  2454 | D:2      | Noticed Robin
  2454 | D:2      | Noticed Natasha
  2763 | D:2      | Found a faded altar of an unknown god.
  3019 | D:1      | Reached XP level 4. HP: 4/30 MP: 1/7
  3026 | D:1      | Slain by a goblin

Skill      XL: |  1  2  3 |
---------------+----------+-----
Stealth        | 3 4 |  4.0
Short Blades   | 2 |  2.0
Dodging        | |  1.7
Spellcasting   | |  2.0
Hexes          | |  3.0
Ice Magic      | |  0.8

Action                   |  1- 3 |  4- 6 || total
-------------------------+-------+-------++-------
Melee: Dagger            |   197 |     6 ||   203
 Cast: Ensorcelled Hiber |    12 |       ||    12
 Stab: Sleeping          |     9 |       ||     9
  Eat: Chunk             |     8 |       ||     8
Armor: Robe              |    50 |     1 ||    51
Dodge: Dodged            |   129 |     1 ||   130
